 Dungeon Crawl Stone Soup version 0.30.1-11-g7821555f0a (webtiles) character file.

Game seed: 13308362009747961624

4 KittyFluff the Trooper (level 1, 0/14 HPs)
             Began as a Gargoyle Berserker on Nov 6, 2023.
             Was a Follower of Trog.
             Slain by a hobgoblin (4 damage)
             ... on level 1 of the Dungeon.
             The game lasted 00:00:24 (69 turns).

KittyFluff the Trooper (Gargoyle Berserker)           Turns: 69, Time: 00:00:25

Health: 0/14       AC:  4    Str: 20    XL:     1   Next: 60%
Magic:  1/1        EV:  8    Int:  7    God:    Trog [*.....]
Gold:   0          SH:  0    Dex:  9    Spells: 0/0 levels left

rFire   . . .        a - +0 mace
rCold   . . .        (no shield)
rNeg    + . .        b - +0 animal skin
rPois   ∞            (no helmet)
rElec   +            (no cloak)
rCorr   .            (no gloves)
SInv    .            (no boots)
Will    .....        (no amulet)
Stlth   +            (no ring)
HPRegen 0.22/turn    (no ring)
MPRegen 0.07/turn

%: no passive effects
@: constricted
A: sickness immunity, AC +2, negative energy resistance 1, electricity
resistance, torment resistance 1, petrification resistance
a: Renounce Religion, Berserk


You were on level 1 of the Dungeon.
You worshipped Trog.
Trog was aware of your devotion.
You visited 1 branch of the dungeon, and saw 1 of its levels.

Inventory:

Hand Weapons
 a - a +0 mace (weapon)
Armour
 b - a +0 animal skin (worn)


   Skills:
 + Level 3.3 Fighting
 * Level 3.1 Maces & Flails
 * Level 2.3 Armour
 - Level 1.5 Dodging


You couldn't memorise any spells.
You didn't know any spells.
Your spell library was empty.

Dungeon Overview and Level Annotations

Branches:
Dungeon (1/15)

Altars:


Innate Abilities, Weirdness & Mutations

You are immune to sickness and miasma.
Your stone body is resilient. (AC +2)
You are immune to poison.
You resist negative energy. (rN+)
You are resistant to electric shocks. (rElec)
You are resistant to unholy torment.
You are immune to petrification.


Message History

You completely miss the endoplasm. The endoplasm freezes you.
You are frozen.
You hit the endoplasm.
The endoplasm is heavily wounded.
The endoplasm freezes you.
You are frozen.
The endoplasm hits you but does no damage.
You thump the endoplasm!
You kill the endoplasm!
Trog accepts your kill.
Found an amethyst potion.
A ball python comes into view.
A hobgoblin comes into view.
The hobgoblin shouts!
You see here an amethyst potion.
You hit the hobgoblin.
The hobgoblin is moderately wounded.
The hobgoblin hits you.
You barely miss the hobgoblin.
The hobgoblin is moderately wounded.
The hobgoblin hits you.
The ball python bites you but does no damage.
The ball python closely misses you.
You barely miss the hobgoblin.
The hobgoblin is moderately wounded.
The ball python completely misses you. The ball python barely misses you.
The hobgoblin closely misses you.
The ball python bites you but does no damage.
The ball python barely misses you. The hobgoblin hits you.
You barely miss the hobgoblin.
The hobgoblin is moderately wounded.
The ball python barely misses you. The ball python grabs you.
The ball python constricts you. The hobgoblin barely misses you.
You hit the hobgoblin but do no damage.
The hobgoblin is moderately wounded.
The ball python bites you.
* * * LOW HITPOINT WARNING * * *
The ball python constricts you. The hobgoblin hits you.
You die...

########### ######
#.........# #.....
#.##.##.#.# #.####
#.##.##.#.###.##..
#g##....:........#
#@##.##†#.###.####
#.S.......# #>####
####.###### #.....
..... ######
#.##.##.# # #S# #
#.# #.# ...


You could see a hobgoblin and a ball python.

Vanquished Creatures
  2 ball pythons (D:1)
  An endoplasm (D:1)
3 creatures vanquished.

Notes
Turn   | Place    | Note
-------+----------+-------------------------------------------
     0 | D:1      | KittyFluff the Gargoyle Berserker began the quest for the
                  | Orb.
     0 | D:1      | Reached XP level 1. HP: 14/14 MP: 1/1
    69 | D:1      | Slain by a hobgoblin

Illustrated notes

Levels and vault maps discovered:
D:1:      roderic_dead_forest, layout_loops_cross, serial_shops, shop_coins,
          ebering_ecumenical_altar_box, minmay_misc_feat_five

Action                     || total
---------------------------++-------
  Melee: Mace              ||    11
 Armour: Animal skin       ||     5
  Dodge: Dodged            ||    10
